 Dungeon Crawl Stone Soup version 0.25-b1-46-gb8a1ec05df (webtiles) character file.

Game seed: 4889026468713072419

3655 gruber the Shield-Bearer (level 10, -1/53 HPs)
             Began as a Vine Stalker Fighter on June 9, 2020.
             Was an Initiate of Makhleb.
             Succumbed to a green ugly thing's poison
             ... on level 6 of the Dungeon.
             The game lasted 00:11:07 (6283 turns).

gruber the Shield-Bearer (Vine Stalker Fighter)     Turns: 6283, Time: 00:11:08

Health: -1/53      AC: -10   Str: 21    XL:     10   Next: 12%
Magic:  2/20       EV: 14    Int: 11    God:    Makhleb [......]
Gold:   161        SH: 11    Dex: 15    Spells: 9/9 levels left

rFire    . . .     SeeInvis .   C - +2 dagger of Hell's Wrath {flame, Int+3} (curse)
rCold    . . .     Gourm    .   c - +0 kite shield
rNeg     . . .     Faith    .   t - +2 robe of Vines {NoPotionHeal Regen+7}
rPois    .         Spirit   +   (no helmet)
rElec    .         Reflect  .   l - scarf {+Inv}
rCorr    .         Harm     .   (no gloves)
MR       +....                  x - +0 pair of boots
Stlth    ..........             k - amulet of regeneration
HPRegen  3.77/turn              o - ring of magical power
MPRegen  0.17/turn              q - ring of attention (curse)

@: lethally poisoned (-1 -> -12), corroded
A: fangs 3, regeneration 1, magic shield, antimagic bite, no potion heal 3, rot
immunity
a: Renounce Religion, Evoke Invisibility


You were on level 6 of the Dungeon.
You worshipped Makhleb.
Makhleb was noncommittal.
You were not hungry.

You visited 2 branches of the dungeon, and saw 8 of its levels.

You collected 456 gold pieces.
You spent 295 gold pieces at shops.

Inventory:

Hand Weapons
 a - a +0 rapier
 b - a +2 whip of electrocution
 C - the cursed +2 dagger of Hell's Wrath (weapon) {flame, Int+3}
   (You bought it in a shop on level 6 of the Dungeon)

   It has been specially enchanted to burn those struck by it, causing extra
   injury to most foes and up to half again as much damage against particularly
   susceptible opponents.
   It affects your intelligence (+3).
   It has a curse placed upon it.
Missiles
 i - 11 poisoned darts (quivered)
 u - 6 atropa-tipped darts
Armour
 c - a +0 kite shield (worn)
 j - a +0 ring mail of poison resistance
 l - a scarf of invisibility (worn)
 t - the +2 robe of Vines (worn) {NoPotionHeal Regen+7}
   (You found it on level 4 of the Dungeon)

   It increases your rate of regeneration.
 x - a +0 pair of boots (worn)
Jewellery
 e - an uncursed ring of fire
 k - an amulet of regeneration (around neck)
 o - a ring of magical power (left hand)
 q - a cursed ring of attention (right hand)
 w - an uncursed ring of ice
Wands
 y - a wand of polymorph (12)
Scrolls
 r - a scroll of fear
 s - 2 scrolls of teleportation
 D - a scroll of enchant armour {unknown}
 E - a scroll of enchant weapon {unknown}
Potions
 d - a potion of might
 g - a potion of berserk rage {unknown}
 h - a potion of lignification {unknown}
 m - a potion of flight
 n - 4 potions of curing
 p - 2 potions of haste
 v - a potion of stabbing {unknown}
 z - a potion of resistance {unknown}
 B - 2 potions of invisibility
 F - a potion of heal wounds {unknown}
Comestibles
 f - 10 rations


   Skills:
 * Level 6.7 Fighting
 - Level 6.4 Short Blades
 - Level 2.4 Armour
 - Level 6.3 Dodging
 - Level 7.0 Shields
 - Level 0.4 Evocations


You had 9 spell levels left.
You didn't know any spells.
Your spell library was empty.

Dungeon Overview and Level Annotations

Branches:
Dungeon (7/15)             Temple (1/1) D:7

Altars:
Ashenzari
Cheibriados
Dithmenos
Elyvilon
Fedhas
Gozag
Hepliaklqana
Kikubaaqudgha
Makhleb
Nemelex Xobeh
Okawaru
Qazlal
Ru
Sif Muna
Trog
Uskayaw
Vehumet
Wu Jian
Xom
Yredelemnul
Zin
The Shining One

Shops:
D:6 =(==?

Annotations:
D:3 3 runed translucent doors, Farlane's ghost, amateur HOMo


Innate Abilities, Weirdness & Mutations

You have razor-sharp teeth.
Your natural rate of healing is unusually fast.
When hurt, damage is shared between your health and your magic reserves.
Your bite disrupts and absorbs the magic of your enemies.
Potions cannot restore your health.
You are immune to rotting.


Message History

You feel very sick.
You block the green ugly thing's attack.
You feel very sick.
You feel sick.
You feel very sick.
You feel sick.
You feel sick.
You feel sick. The green ugly thing claws you!
* * * LOW HITPOINT WARNING * * *
You are more poisoned.
The green ugly thing poisons you!
You feel very sick.
You feel very sick. The green ugly thing claws you!
* * * LOW HITPOINT WARNING * * *
You are lethally poisoned!
The green ugly thing poisons you!
* * * LOW HITPOINT WARNING * * *
You feel extremely sick.
You die...

.8.8..##...#######.####.#.#..#
8._.8..###......#..# #.#.#..#
.8.8..##........#..# #.#.####
..8..##..##..####### ##.#....#
#...'#..###..####>####..####.#
##.##.....#..##8...8##..# #.#
.###......#####.....##..# #.#
..#.......# #8.....8#..# #.#
#.#)......#####.@...##..# #.#
......#..###.##8...8###.# #.#
.....##....'.##.u...##..# #.#
.....##.8#.#.#_....._#### #.#
.....##..#.####.....## #.#
(....##.<#.####8...8########.#
.............####8####.......#
......#.∩#.### ###############
...?..#..#.# #.............#


You could see a green ugly thing.

Vanquished Creatures
  Pikel (D:5)
  Maggie (D:6)
  Grinder (D:6)
  A hippogriff (D:7)
  A hungry ghost (D:7)
  An ice beast (D:6)
  A slave (D:5)
  3 orc warriors
  4 sky beasts
  A phantom (D:5)
  An ogre (D:6)
  2 centaurs (D:5)
  Blork the orc (D:6)
  A bullfrog (D:7)
  Dowan (D:5)
  A scorpion (D:7)
  4 killer bees (D:6)
  4 crimson imps
  A centaur zombie (D:6)
  A jelly (D:5)
  2 orc priests
  3 hounds
  A centaur skeleton (D:5)
  2 iguanas (D:7)
  5 orc wizards
  6 worker ants
  A worker ant zombie (D:2)
  8 adders
  2 howler monkey skeletons
  2 oozes
  3 dart slugs
  2 worms
  5 leopard geckos
  14 orcs
  13 bats
  7 giant cockroaches
  2 hobgoblins
  8 jackals
  8 kobolds
  3 quokkas
  2 ball pythons (D:3)
  4 frilled lizards
  9 goblins
  A jackal zombie (D:5)
  A quokka zombie (D:5)
  7 rats
153 creatures vanquished.

Vanquished Creatures (others)
  Duvessa (D:5)
  A hound (D:5)
  A leopard gecko (D:5)
3 creatures vanquished.

Grand Total: 156 creatures vanquished

Notes
Turn   | Place    | Note
-------+----------+-------------------------------------------
     0 | D:1      | gruber the Vine Stalker Fighter began the quest for the
                  | Orb.
     0 | D:1      | Reached XP level 1. HP: 11/11 MP: 2/2
    39 | D:1      | Reached XP level 2. HP: 16/16 MP: 3/3
   305 | D:1      | Reached XP level 3. HP: 21/21 MP: 4/4
  1135 | D:2      | Gained mutation: Your natural rate of healing is unusually
                  | fast. [Vine Stalker growth]
  1135 | D:2      | Reached XP level 4. HP: 23/26 MP: 5/5
  1907 | D:3      | Reached skill level 5 in Fighting
  1907 | D:3      | Reached XP level 5. HP: 30/30 MP: 6/6
  2087 | D:3      | Found a runed translucent gate.
  2087 | D:3      | Noticed Farlane's ghost (amateur HOMo)
  2088 | D:3      | Found a runed translucent gate.
  2089 | D:3      | Found a runed translucent gate.
  2091 | D:3      | Noticed a big kobold
  2232 | D:3      | Found a sacrificial altar of Ru.
  2454 | D:4      | Found a shimmering altar of Xom.
  2520 | D:4      | Found a shattered altar of Ashenzari.
  2521 | D:4      | Found the +2 robe of Vines {NoPotionHeal Regen+7}
  2679 | D:4      | Found an iron altar of Okawaru.
  3245 | D:5      | Entered Level 5 of the Dungeon
  3254 | D:5      | Noticed Duvessa
  3254 | D:5      | Noticed Dowan
  3296 | D:5      | Killed Duvessa
  3296 | D:5      | Reached XP level 6. HP: 36/36 MP: 2/7
  3303 | D:5      | Killed Dowan
  3410 | D:5      | Noticed a sky beast
  3438 | D:5      | Killed a sky beast
  3438 | D:5      | Reached XP level 7. HP: 21/40 MP: 5/8
  3458 | D:5      | Got a crude plate armour
  3534 | D:5      | Noticed Pikel
  3574 | D:5      | Killed Pikel
  3574 | D:5      | Gained mutation: You have razor-sharp teeth. [Vine Stalker
                  | growth]
  3574 | D:5      | Reached XP level 8. HP: 42/44 MP: 6/9
  3753 | D:5      | Reached skill level 1 in Dodging
  4173 | D:5      | Found a hide-covered altar of Uskayaw.
  4293 | D:6      | Found a glowing golden altar of the Shining One.
  4395 | D:6      | Found Huyplas's Jewellery Shoppe.
  4399 | D:6      | Noticed Maggie
  4422 | D:6      | Killed Maggie
  4422 | D:6      | Reached skill level 5 in Dodging
  4422 | D:6      | Reached XP level 9. HP: 48/48 MP: 10/10
  4462 | D:6      | Found Adyjucui's Antique Weapon Shop.
  4468 | D:6      | Bought a faintly glowing dagger for 217 gold pieces
  4531 | D:6      | Found a shadowy altar of Dithmenos.
  4593 | D:6      | Found Ronik's Magic Scroll Emporium.
  4601 | D:6      | Bought a scroll of identify for 26 gold pieces
  4601 | D:6      | Bought a scroll of identify for 26 gold pieces
  4601 | D:6      | Bought a scroll of identify for 26 gold pieces
  4601 | D:6      | Identified the +0 plate armour of a volcano {rElec rC+}
                  | (You found it on level 5 of the Dungeon)
  4603 | D:6      | Identified the cursed +2 dagger of Hell's Wrath {flame,
                  | Int+3} (You bought it in a shop on level 6 of the Dungeon)
  4610 | D:6      | Noticed Blork the orc
  4619 | D:6      | Killed Blork the orc
  4818 | D:6      | Found Cysituro's Jewellery Shop.
  4930 | D:6      | Found Jiguqarph's Jewellery Boutique.
  4973 | D:6      | Noticed Grinder
  4994 | D:6      | Killed Grinder
  5002 | D:6      | Found an ancient bone altar of Kikubaaqudgha.
  5147 | D:6      | Found a bloodstained altar of Trog.
  5189 | D:6      | Found a sparkling altar of Nemelex Xobeh.
  5230 | D:6      | Reached skill level 3 in Shields
  5379 | D:6      | Reached skill level 4 in Shields
  5417 | D:7      | Reached skill level 5 in Shields
  5660 | D:7      | Reached skill level 6 in Shields
  5758 | D:7      | Found a staircase to the Ecumenical Temple.
  5779 | D:7      | Reached XP level 10. HP: 53/53 MP: 11/11
  5796 | D:7      | Reached skill level 7 in Shields
  5835 | Temple   | Entered the Ecumenical Temple
  5923 | Temple   | Became a worshipper of Makhleb the Destroyer
  6150 | D:7      | Noticed a cyclops
  6151 | D:7      | Noticed a brown ugly thing
  6199 | D:7      | HP: 1/53 [cyclops/large rock (28)]
  6282 | D:6      | HP: 2/53 [poisoned by a green ugly thing]
  6283 | D:6      | Succumbed to a green ugly thing's poison

Illustrated notes

Levels and vault maps discovered:
D:1:      dpeg_arrival_connections, layout_rooms, grunt_decor_resistance,
          serial_park_tiny_pond, moated_statue
D:2:      layout_loops_ring, first_ration
D:3:      layout_rooms, nicolae_ru_sacrificial_ziggurat,
          gammafunk_ghost_nasty_kobolds
D:4:      layout_loops_cross, xom_teletrap_fun, old_standard_altar,
          okawaru_trees_2
D:5:      layout_basic, kennysheep_little_box, uniq_pikel, uniq_duvessa
D:6:      layout_basic, nicolae_overflow_hidden_temple,
          nicolae_overflow_crystal_walls, basic_altar, serial_shops,
          shop_statue, shop_statue, shop, shop_fountains, shop, tso_metal_star,
          uniq_grinder, uniq_blork_the_orc, uniq_maggie
D:7:      minmay_slanted_spiral_squares, layout_rooms,
          minmay_temple_entry_sparse_star
Temple:   nicolae_temple_great_sept

Skill      XL: |  1  2  3  4  5  6  7  8  9 10 |
---------------+-------------------------------+-----
Fighting       | 3 4 5 6 |  6.7
Short Blades   | 3 6 |  6.4
Dodging        | 5 6 |  6.3
Shields        | 6 7 |  7.0
Armour         | |  2.4
Evocations     | |  0.4

Action                   |  1- 3 |  4- 6 |  7- 9 | 10-12 || total
-------------------------+-------+-------+-------+-------++-------
Melee: Rapier            |    99 |   259 |   145 |       ||   503
       Bite              |    20 |    70 |   143 |    51 ||   284
       Dagger            |       |       |   235 |   117 ||   352
 Abil: Evoke Invisibilit |       |     2 |       |       ||     2
Evoke: Wand              |       |       |       |     1 ||     1
  Use: Scroll            |       |    10 |     3 |       ||    13
 Stab: Invisible         |       |     3 |       |       ||     3
  Eat: Chunk             |     1 |     8 |     8 |     1 ||    18
       Ration            |       |       |       |     1 ||     1
Armor: Scale mail        |    52 |    78 |       |       ||   130
       Robe              |       |    32 |    41 |     4 ||    77
       Ring mail         |       |     9 |       |       ||     9
Dodge: Dodged            |    31 |    97 |   147 |    35 ||   310
Block: Kite shield       |    52 |   134 |   149 |    49 ||   384
